 Dungeon Crawl Stone Soup version 0.27-a0-1502-g47ed6a6988 (webtiles) character file.

Game seed: 11012309346106784857

8 flotson the Sneak (level 2, -6/24 HPs)
             Began as a Formicid Delver on July 8, 2021.
             Asphyxiated
             ... in a sewer.
             The game lasted 00:02:18 (500 turns).

flotson the Sneak (Formicid Delver)                  Turns: 500, Time: 00:02:20

Health: -6/24      AC:  3    Str: 16    XL:     2   Next: 15%
Magic:  2/2        EV: 11    Int:  9    God:
Gold:   21         SH:  0    Dex: 12    Spells: 1/1 levels left

rFire    . . .     SeeInvis +   a - +0 hand axe
rCold    . . .     Faith    .   (no shield)
rNeg     . . .     Spirit   .   b - +0 leather armour
rPois    .         Reflect  .   (helmet unavailable)
rElec    .         Harm     .   (no cloak)
rCorr    .         Rampage  .   (no gloves)
Will     .....                  (no boots)
Stlth    ++........             (no amulet)
HPRegen  0.08/turn              (no ring)
MPRegen  0.08/turn              (no ring)

@: lethally poisoned (-6 -> -32), very slow
A: permanent stasis, dig shafts and tunnels, antennae 3, four strong arms
a: Dig


You were in a sewer.
You visited 1 branch of the dungeon, and saw 3 of its levels.
You also visited: Sewer.

You collected 21 gold pieces.

Inventory:

Hand Weapons
 a - a +0 hand axe (weapon)
Armour
 b - a +0 leather armour (worn)
Wands
 f - a wand of digging (2)
Scrolls
 c - a scroll of fog
Potions
 d - a potion of attraction {unknown}
 e - a potion of flight {unknown}


   Skills:
 + Level 3.4 Fighting
 + Level 2.1 Axes
 + Level 0.5 Armour
 + Level 1.9 Dodging
 - Level 6.0 Stealth
 + Level 0.5 Evocations


You had one spell level left.
You didn't know any spells.
Your spell library contained the following spells:

 Spells                   Type           Power      Damage    Failure   Level
 Dazzling Flash           Conj/Hex       0%         N/A       83%         3
 Iskenderun's Mystic Bla  Conj/Tloc      0%         2d3       99%         4
 Starburst                Conj/Fire      0%         8x6d3     100%        6


Dungeon Overview and Level Annotations

Branches:
Dungeon (5/15)              Sewer (1/1)
 Temple: D:4-7

Altars:

Annotations:
D:5 Prince Ribbit


Innate Abilities, Weirdness & Mutations

You cannot be hasted, slowed, berserked, paralysed or teleported.
You can dig through walls and to a lower floor.
You have a pair of large antennae on your head. (SInv)
Your four strong arms can wield two-handed weapons with a shield.


Message History

Moving in this stuff is going to be slow.
You enter the shallow water.
Moving in this stuff is going to be slow.
You enter the shallow water.
Moving in this stuff is going to be slow.
You enter the shallow water.
Moving in this stuff is going to be slow.
You enter the shallow water.
Moving in this stuff is going to be slow.
An endoplasm and a kobold brigand come into view.
The kobold brigand is wielding a +0 club and quivering poisoned darts.
You enter the shallow water.
Moving in this stuff is going to be slow.
A rat and a kobold brigand come into view.
The kobold brigand is wielding a +0 short sword and quivering curare-tipped darts.
You enter the shallow water.
Moving in this stuff is going to be slow.
The rat misses you.
Your unstable footing causes you to fumble your attack.
The rat closely misses you.
You hit the rat.
You kill the rat!
You enter the shallow water.
Moving in this stuff is going to be slow.
The kobold brigand shouts!
The kobold brigand throws a curare-tipped dart.
The curare-tipped dart closely misses you.
The kobold brigand throws a curare-tipped dart.
The curare-tipped dart hits you.
You are poisoned.
You have difficulty breathing.
Your stasis prevents you from being slowed.
You feel very sick.
* * * LOW HITPOINT WARNING * * *
You feel very sick.
The kobold brigand throws a curare-tipped dart.
The curare-tipped dart hits you.
You are more poisoned.
You have difficulty breathing.
You die...

####### ## #.≈K≈≈#####
..#### #####.≈≈≈≈#######
.≈≈≈≈. #.≈≈≈≈###@≈≈...≈##
≈.≈≈≈≈ ####### #≈≈≈≈≈≈≈≈#
#≈.≈≈.
J≈≈≈.###≈≈.≈..≈.####≈.≈≈.
#≈≈≈..####.≈≈.##..≈.≈.
K≈≈≈.##### ##..≈.≈...≈≈≈
### ##.≈..≈....≈
#≈≈≈≈≈..... #.≈≈≈≈≈.∩.∩
#≈≈........


You could see a kobold brigand.

Vanquished Creatures
  A goblin (D:4)
  4 jackals (D:3)
  A ball python (D:4)
  A rat (Sewer)
7 creatures vanquished.

Notes
Turn   | Place    | Note
-------+----------+-------------------------------------------
     0 | D:5      | flotson the Formicid Delver began the quest for the Orb.
     0 | D:5      | Reached XP level 1. HP: 18/18 MP: 1/1
    11 | D:5      | Noticed Prince Ribbit
    64 | D:5      | Noticed a hound
   204 | D:4      | Noticed a phantom
   217 | D:4      | Noticed a hound
   312 | D:3      | Reached XP level 2. HP: 13/24 MP: 2/2
   366 | D:3      | Found a glowing drain.
   381 | Sewer    | Entered a sewer
   478 | Sewer    | Noticed a kobold brigand
   483 | Sewer    | Noticed a kobold brigand
   500 | Sewer    | Asphyxiated

Illustrated notes

Levels and vault maps discovered:
D:3:      layout_loops_ring, portal_sewer_entry_d, uniq_sigmund
D:4:      wad_river_or_something, layout_gridville, ebering_ghost_sewer_f,
          uniq_natasha
D:5:      layout_loops_ring, corexii_checkpoint_a, uniq_pikel,
          uniq_prince_ribbit1
Sewer:    sewer_co_tree

Action                   || total
-------------------------++-------
Melee: Hand axe          ||    17
Evoke: Wand              ||     1
  Use: Scroll            ||     2
 Stab: Sleeping          ||     2
Armor: Leather armour    ||     6
Dodge: Dodged            ||    13

Table legend: (Time is in decaauts)
 A = Elapsed time spent in this place.
 B = Non-inter-level travel time spent in this place.
 C = Inter-level travel time spent in this place.
 D = Time resting spent in this place.
 E = Time spent auto-exploring this place.
 F = Levels seen in this place.
 G = Mean time per level.
                   A        B        C        D        E       F      G
               +--------+--------+--------+--------+--------+-----+--------+
         Total |    516 |    465 |     51 |      0 |    252 |   4 |  129.0 |
       Dungeon |    383 |    332 |     51 |      0 |    152 |   3 |  127.7 |
         Sewer |    132 |    132 |      0 |      0 |    100 |   1 |  132.0 |
               +--------+--------+--------+--------+--------+-----+--------+

Top non-repeatable levels by time:
     D:4: 150 daAuts
     D:3: 137 daAuts
   Sewer: 132 daAuts
     D:5: 96 daAuts
